 Dungeon Crawl Stone Soup version 0.29.0-4-gdea44cf6ec (webtiles) character file.

Game seed: 13401501979822574769

1550 qw the Cleaver (level 9, -8/69 HPs)
             Began as a Formicid Cinder Acolyte on Sept 3, 2022.
             Was a Believer of Ignis.
             Mangled by Duvessa
             ... wielding a +0 rapier
              (12 damage)
             ... on level 6 of the Dungeon.
             The game lasted 00:02:59 (7717 turns).

qw the Cleaver (Formicid Cinder Acolyte)            Turns: 7717, Time: 00:03:00

Health: -8/69      AC: 16    Str: 23    XL:     9   Next: 12%
Magic:  10/10      EV:  8    Int: 14    God:    Ignis [**....]
Gold:   335        SH:  0    Dex:  9    Spells: 10/10 levels left

rFire   + . .      SeeInvis +   Y - +0 hand axe (flame)
rCold   . . .      Faith    .   (no shield)
rNeg    . . .      Spirit   .   h - +0 chain mail
rPois   .          Reflect  .   (helmet unavailable)
rElec   .          Harm     .   (no cloak)
rCorr   .          Rampage  .   (no gloves)
Will    .....                   (no boots)
Stlth   ..........              (no amulet)
HPRegen 0.21/turn               (no ring)
MPRegen 0.12/turn               (no ring)

@: fiery-armoured
A: permanent stasis, dig shafts and tunnels, antennae 3, four strong arms
a: Dig, Shaft Self, Renounce Religion, Fiery Armour, Foxfire Swarm, Rising Flame


You were on level 6 of the Dungeon.
You worshipped Ignis.
Ignis was pleased with you.
You visited 1 branch of the dungeon, and saw 6 of its levels.

You collected 335 gold pieces.


Innate Abilities, Weirdness & Mutations

You cannot be hasted, slowed, berserked, paralysed or teleported.
You can dig through walls and to a lower floor.
You have a pair of large antennae on your head. (SInv)
Your four strong arms can wield two-handed weapons with a shield.


   Skills:
 - Level 6.0 Fighting
 + Level 9.5 Axes
 - Level 1.1 Throwing
 - Level 3.0 Armour
 - Level 1.3 Dodging
 - Level 1.1 Spellcasting
 - Level 3.0 Fire Magic


You had 10 spell levels left.
You didn't know any spells.
Your spell library contained the following spells:

 Spells                   Type           Power      Damage    Failure   Level
 Scorch                   Fire           18%        2d5       67%         2

Inventory:

Hand Weapons
 Y - a +0 hand axe of flaming (weapon)
Missiles
 k - 3 boomerangs (quivered)
Armour
 h - a +0 chain mail (worn)
Scrolls
 i - a scroll of identify
Potions
 a - a potion of attraction {unknown}
 b - a potion of invisibility {unknown}
 d - a potion of mutation {unknown}
 e - a potion of curing
 f - a potion of ambrosia {unknown}
 g - a potion of brilliance {unknown}
 j - a potion of might
 l - a potion of cancellation {unknown}

Dungeon Overview and Level Annotations

Branches:
Dungeon (6/15)             Temple (0/1) D:4

Altars:
Ashenzari
Cheibriados
Dithmenos
Makhleb
Xom
Yredelemnul
Zin
The Shining One

Annotations:
D:6 Duvessa


Message History

Duvessa barely misses you.
You barely miss Duvessa.
Duvessa is lightly wounded.
Duvessa hits you with a +0 rapier! Duvessa closely misses you.
You hit Duvessa but do no damage.
Duvessa is lightly wounded.
Duvessa hits you with a +0 rapier.
Duvessa is burned by your cloak of flames.
Duvessa is moderately wounded.
You barely miss Duvessa.
Duvessa is moderately wounded.
Duvessa barely misses you.
You closely miss Duvessa.
Duvessa is moderately wounded.
Duvessa hits you with a +0 rapier.
Duvessa is burned by your cloak of flames.
Duvessa is moderately wounded.
You hit Duvessa but do no damage.
Duvessa is moderately wounded.
Duvessa hits you but does no damage.
Duvessa is burned by your cloak of flames.
Duvessa is moderately wounded.
Duvessa hits you but does no damage.
Duvessa is burned by your cloak of flames.
Duvessa is moderately wounded.
You barely miss Duvessa.
Duvessa is moderately wounded.
Duvessa closely misses you.
You hit Duvessa but do no damage.
Duvessa is moderately wounded.
Duvessa hits you with a +0 rapier!
Duvessa is burned by your cloak of flames.
Duvessa is heavily wounded.
You barely miss Duvessa. Your punch misses Duvessa.
Duvessa is heavily wounded.
Duvessa barely misses you.
You closely miss Duvessa.
Duvessa is heavily wounded.
Duvessa hits you with a +0 rapier!
You die...

.......# ..?....#
...... .... #######..##
##.........#
......))e..##
......).@...###
......).......#
##......)..##.#
#.........# .##
#.........# ..###
#.........####...###
#..................####
#.....................#
#.....................#


You could see Duvessa (berserk).

Vanquished Creatures
  Grinder (D:6)
  Menkaure (D:5)
  2 water moccasins
  2 black bears
  An ogre (D:5)
  2 scorpions (D:6)
  Dowan (D:6)
  A jelly (D:5)
  3 hounds
  6 orc priests
  3 iguanas
  2 orc wizards
  A mummy (D:5)
  3 adders
  7 gnolls
  2 dart slugs
  19 orcs
  5 ball pythons
  A bat (D:1)
  8 endoplasms
  A giant cockroach (D:3)
  4 goblins
  5 hobgoblins
  3 jackals (D:1)
  4 kobolds
  A quokka (D:4)
  3 rats
92 creatures vanquished.

Notes
Turn   | Place    | Note
-------+----------+-------------------------------------------
     0 | D:1      | qw the Formicid Cinder Acolyte began the quest for the Orb.
     0 | D:1      | Reached XP level 1. HP: 18/18 MP: 2/2
     0 | D:1      | 0 ||| qw: Version: 0.1-a-102-g441f92d
     0 | D:1      | 0 ||| qw: Game counter: 5081
     0 | D:1      | 0 ||| qw: Always use a shield: true
     0 | D:1      | 0 ||| qw: God list: Okawaru
     0 | D:1      | 0 ||| qw: Allow faded altars: false
     0 | D:1      | 0 ||| qw: Do Orc after D:15 true
     0 | D:1      | 0 ||| qw: Do second Lair branch before Depths: true
     0 | D:1      | 0 ||| qw: Lair rune preference: random
     0 | D:1      | 0 ||| qw: Plans: Normal
     0 | D:1      | 0 ||| PLANNING D:1-11
    81 | D:1      | Reached XP level 2. HP: 14/24 MP: 3/3
   702 | D:1      | Found a faded altar of an unknown god.
   707 | D:1      | 707 ||| Stepping ~*~*~tactically~*~*~ (stealth).
   708 | D:1      | 708 ||| Stepping ~*~*~tactically~*~*~ (stealth).
   711 | D:1      | Reached skill level 4 in Axes
   711 | D:1      | Reached XP level 3. HP: 29/29 MP: 4/4
   713 | D:1      | 713 ||| Stepping ~*~*~tactically~*~*~ (stealth).
  1164 | D:1      | 1164 ||| UPGRADING to +0 ring mail.
  1174 | D:1      | 1174 ||| DROPPING +0 robe.
  1175 | D:1      | 1175 ||| UPGRADING to +0 chain mail.
  1185 | D:1      | 1185 ||| DROPPING +0 ring mail.
  1186 | D:1      | 1186 ||| READING scroll labelled LORA FIOCAJIF.
  1187 | D:1      | 1187 ||| READING scroll labelled YNWALEGAFO.
  1188 | D:1      | 1188 ||| READING scroll labelled NUANACV YTSUS.
  1189 | D:1      | 1189 ||| READING scroll labelled KIEGU JAOTATS.
  1190 | D:1      | 1190 ||| READING scroll labelled MOTHUN MAOPITZ.
  1191 | D:1      | 1191 ||| Stepping randomly (stuck).
  1192 | D:1      | 1192 ||| Stepping ~*~*~tactically~*~*~ (cloud).
  1198 | D:1      | HP: 7/29 [poisoned by you (poison gas)]
  1900 | D:2      | Identified the +0 ring mail "Omael" {rElec Regen+ Str-4}
  1913 | D:2      | Reached skill level 1 in Armour
  1986 | D:2      | 1986 ||| Stepping ~*~*~tactically~*~*~ (hiding).
  1994 | D:2      | Reached XP level 4. HP: 25/35 MP: 5/5
  1996 | D:2      | 1996 ||| INVOKING Fiery Armour.
  2575 | D:2      | You fall into a shaft and drop 1 floor!
  2578 | D:3      | 2578 ||| Stepping ~*~*~tactically~*~*~ (stealth).
  2579 | D:3      | 2579 ||| DROPPING +0 ring mail "Omael" {rElec Regen+
                  | Str-4}.
  2580 | D:3      | 2580 ||| Stepping ~*~*~tactically~*~*~ (stealth).
  2585 | D:3      | 2585 ||| DRINKING 2 lumpy purple potions.
  2586 | D:3      | 2586 ||| DROPPING potion of magic.
  3270 | D:3      | 3270 ||| READING scroll labelled NON CYTEKKUF.
  3271 | D:3      | 3271 ||| Stepping randomly (stuck).
  3405 | D:3      | Found a glowing golden altar of the Shining One.
  3408 | D:3      | Noticed an angel
  3413 | D:3      | Found a basalt altar of Yredelemnul.
  3415 | D:3      | Noticed a profane servitor
  3543 | D:3      | 3543 ||| READING scroll labelled POLOZY QOKHLUIH.
  3600 | D:4      | Reached XP level 5. HP: 37/41 MP: 6/6
  3606 | D:4      | 3606 ||| INVOKING Fiery Armour.
  3608 | D:4      | Reached skill level 5 in Axes
  3625 | D:4      | 3625 ||| FLEEEEING.
  3632 | D:4      | 3632 ||| STAIRDANCE
  3805 | D:4      | Found a staircase to the Ecumenical Temple.
  3818 | D:4      | 3818 ||| INVOKING Fiery Armour.
  4062 | D:4      | 4062 ||| FLEEEEING.
  4144 | D:4      | Reached XP level 6. HP: 32/47 MP: 7/7
  4283 | D:4      | Reached skill level 6 in Axes
  4469 | D:4      | 4469 ||| Stepping ~*~*~tactically~*~*~ (stealth).
  4472 | D:4      | 4472 ||| Stepping ~*~*~tactically~*~*~ (stealth).
  4476 | D:4      | 4476 ||| FLEEEEING.
  4477 | D:4      | 4477 ||| Stepping ~*~*~tactically~*~*~ (hiding).
  4492 | D:4      | 4492 ||| INVOKING Fiery Armour.
  4670 | D:4      | Found a broken altar of Ashenzari.
  4670 | D:4      | Found a glowing silver altar of Zin.
  4754 | D:4      | Found a shadowy altar of Dithmenos.
  5155 | D:4      | 5155 ||| DRINKING 2 lumpy red potions.
  5156 | D:4      | 5156 ||| DRINKING 2 coppery potions.
  5172 | D:5      | Entered Level 5 of the Dungeon
  5259 | D:5      | 5259 ||| INVOKING Fiery Armour.
  5273 | D:5      | Reached skill level 1 in Dodging
  5401 | D:5      | Found a shimmering altar of Xom.
  5432 | D:5      | 5432 ||| Stepping ~*~*~tactically~*~*~ (stealth).
  5619 | D:5      | Noticed an ogre
  5622 | D:5      | Noticed a black bear
  5623 | D:5      | 5623 ||| Stepping ~*~*~tactically~*~*~ (stealth).
  5624 | D:5      | 5624 ||| INVOKING Fiery Armour.
  5626 | D:5      | Killed an ogre
  5627 | D:5      | Reached XP level 7. HP: 17/54 MP: 8/8
  5627 | D:5      | 5627 ||| FLEEEEING.
  5628 | D:5      | 5628 ||| FLEEEEING.
  5630 | D:5      | 5630 ||| FLEEEEING.
  5631 | D:5      | 5631 ||| FLEEEEING.
  5632 | D:5      | 5632 ||| FLEEEEING.
  5633 | D:5      | 5633 ||| FLEEEEING.
  5634 | D:5      | 5634 ||| FLEEEEING.
  5635 | D:5      | 5635 ||| FLEEEEING.
  5636 | D:5      | 5636 ||| FLEEEEING.
  5637 | D:5      | 5637 ||| FLEEEEING.
  5638 | D:5      | 5638 ||| FLEEEEING.
  5639 | D:5      | 5639 ||| FLEEEEING.
  5640 | D:5      | 5640 ||| FLEEEEING.
  5641 | D:5      | 5641 ||| FLEEEEING.
  5642 | D:5      | 5642 ||| FLEEEEING.
  5643 | D:5      | 5643 ||| FLEEEEING.
  5644 | D:5      | 5644 ||| FLEEEEING.
  5645 | D:5      | 5645 ||| FLEEEEING.
  5646 | D:5      | 5646 ||| FLEEEEING.
  5647 | D:5      | 5647 ||| FLEEEEING.
  5648 | D:5      | 5648 ||| FLEEEEING.
  5649 | D:5      | 5649 ||| FLEEEEING.
  5650 | D:5      | 5650 ||| FLEEEEING.
  5651 | D:5      | 5651 ||| FLEEEEING.
  5652 | D:5      | 5652 ||| FLEEEEING.
  5653 | D:5      | 5653 ||| FLEEEEING.
  5654 | D:5      | 5654 ||| FLEEEEING.
  5655 | D:5      | 5655 ||| FLEEEEING.
  5656 | D:5      | 5656 ||| FLEEEEING.
  5657 | D:5      | 5657 ||| FLEEEEING.
  5658 | D:5      | 5658 ||| FLEEEEING.
  5659 | D:5      | 5659 ||| FLEEEEING.
  5660 | D:5      | 5660 ||| FLEEEEING.
  5661 | D:5      | 5661 ||| FLEEEEING.
  5662 | D:5      | 5662 ||| FLEEEEING.
  5663 | D:5      | 5663 ||| FLEEEEING.
  5665 | D:5      | 5665 ||| FLEEEEING.
  5666 | D:5      | 5666 ||| FLEEEEING.
  5668 | D:5      | 5668 ||| FLEEEEING.
  5669 | D:5      | 5669 ||| FLEEEEING.
  5670 | D:5      | 5670 ||| FLEEEEING.
  5671 | D:5      | 5671 ||| FLEEEEING.
  5672 | D:5      | 5672 ||| FLEEEEING.
  5674 | D:5      | 5674 ||| FLEEEEING.
  5675 | D:5      | 5675 ||| FLEEEEING.
  5676 | D:5      | 5676 ||| FLEEEEING.
  5677 | D:5      | 5677 ||| FLEEEEING.
  5678 | D:5      | 5678 ||| FLEEEEING.
  5679 | D:5      | 5679 ||| FLEEEEING.
  5680 | D:5      | 5680 ||| FLEEEEING.
  5681 | D:5      | 5681 ||| FLEEEEING.
  5682 | D:5      | 5682 ||| FLEEEEING.
  5683 | D:5      | 5683 ||| FLEEEEING.
  5684 | D:5      | 5684 ||| FLEEEEING.
  5685 | D:5      | 5685 ||| FLEEEEING.
  5686 | D:5      | 5686 ||| FLEEEEING.
  5687 | D:5      | 5687 ||| FLEEEEING.
  5689 | D:5      | 5689 ||| FLEEEEING.
  5690 | D:5      | 5690 ||| FLEEEEING.
  5691 | D:5      | 5691 ||| FLEEEEING.
  5692 | D:5      | 5692 ||| FLEEEEING.
  5693 | D:5      | 5693 ||| FLEEEEING.
  5694 | D:5      | 5694 ||| FLEEEEING.
  5695 | D:5      | 5695 ||| FLEEEEING.
  5696 | D:5      | 5696 ||| FLEEEEING.
  5697 | D:5      | 5697 ||| FLEEEEING.
  5698 | D:5      | 5698 ||| FLEEEEING.
  5699 | D:5      | 5699 ||| FLEEEEING.
  5700 | D:5      | 5700 ||| FLEEEEING.
  5701 | D:5      | 5701 ||| FLEEEEING.
  5702 | D:5      | 5702 ||| FLEEEEING.
  5703 | D:5      | 5703 ||| FLEEEEING.
  5704 | D:5      | 5704 ||| FLEEEEING.
  5705 | D:5      | 5705 ||| FLEEEEING.
  5706 | D:5      | 5706 ||| FLEEEEING.
  5707 | D:5      | 5707 ||| FLEEEEING.
  5708 | D:5      | 5708 ||| FLEEEEING.
  5709 | D:5      | 5709 ||| FLEEEEING.
  5710 | D:5      | 5710 ||| FLEEEEING.
  5711 | D:5      | 5711 ||| FLEEEEING.
  5712 | D:5      | 5712 ||| FLEEEEING.
  5713 | D:5      | 5713 ||| FLEEEEING.
  5714 | D:5      | 5714 ||| FLEEEEING.
  5715 | D:5      | 5715 ||| FLEEEEING.
  5717 | D:5      | 5717 ||| FLEEEEING.
  5718 | D:5      | 5718 ||| FLEEEEING.
  5719 | D:5      | 5719 ||| FLEEEEING.
  5720 | D:5      | 5720 ||| FLEEEEING.
  5721 | D:5      | 5721 ||| FLEEEEING.
  5722 | D:5      | 5722 ||| FLEEEEING.
  5723 | D:5      | 5723 ||| FLEEEEING.
  5724 | D:5      | 5724 ||| FLEEEEING.
  5725 | D:5      | 5725 ||| FLEEEEING.
  5726 | D:5      | 5726 ||| FLEEEEING.
  5727 | D:5      | 5727 ||| FLEEEEING.
  5728 | D:5      | 5728 ||| FLEEEEING.
  5729 | D:5      | 5729 ||| FLEEEEING.
  5730 | D:5      | 5730 ||| FLEEEEING.
  5731 | D:5      | 5731 ||| FLEEEEING.
  5732 | D:5      | 5732 ||| FLEEEEING.
  5734 | D:5      | 5734 ||| FLEEEEING.
  5735 | D:5      | 5735 ||| FLEEEEING.
  5736 | D:5      | 5736 ||| FLEEEEING.
  5738 | D:5      | 5738 ||| STAIRDANCE
  5841 | D:5      | Reached skill level 7 in Axes
  5841 | D:5      | 5841 ||| STAIRDANCE
  6009 | D:5      | 6009 ||| Stepping ~*~*~tactically~*~*~ (stealth).
  6013 | D:5      | 6013 ||| Stepping ~*~*~tactically~*~*~ (stealth).
  6035 | D:5      | Reached skill level 1 in Throwing
  6143 | D:5      | Noticed Menkaure
  6153 | D:5      | 6153 ||| INVOKING Fiery Armour.
  6154 | D:5      | HP: 12/54 [??? (10)]
  6155 | D:5      | 6155 ||| DRINKING potion of heal wounds.
  6156 | D:5      | Killed Menkaure
  6392 | D:5      | 6392 ||| INVOKING Fiery Armour.
  6399 | D:5      | HP: 10/54 [iguana (8)]
  6400 | D:5      | 6400 ||| DRINKING potion of heal wounds.
  6588 | D:5      | Noticed a water moccasin
  6594 | D:5      | Killed a water moccasin
  6595 | D:5      | Reached skill level 8 in Axes
  6595 | D:5      | Reached XP level 8. HP: 49/60 MP: 9/9
  6806 | D:5      | Found a snail-covered altar of Cheibriados.
  6807 | D:5      | 6807 ||| READING scroll labelled SAOGEX ZEAHAUL.
  6808 | D:5      | 6808 ||| Stepping randomly (stuck).
  6809 | D:5      | 6809 ||| Stepping randomly (stuck).
  6810 | D:5      | 6810 ||| Stepping randomly (stuck).
  6811 | D:5      | 6811 ||| Stepping randomly (stuck).
  7037 | D:5      | 7037 ||| Stepping randomly (stuck).
  7038 | D:5      | 7038 ||| Stepping randomly (stuck).
  7119 | D:5      | Reached skill level 3 in Armour
  7186 | D:4      | Found a burning altar of Makhleb.
  7397 | D:6      | Noticed Grinder
  7408 | D:6      | 7408 ||| Stepping ~*~*~tactically~*~*~ (hiding).
  7428 | D:6      | Killed Grinder
  7544 | D:6      | Reached skill level 9 in Axes
  7557 | D:6      | Reached skill level 6 in Fighting
  7689 | D:6      | Noticed Dowan
  7690 | D:6      | 7690 ||| INVOKING Fiery Armour.
  7691 | D:6      | Noticed Duvessa
  7698 | D:6      | Reached XP level 9. HP: 36/69 MP: 10/10
  7704 | D:6      | Killed Dowan
  7712 | D:6      | HP: 17/69 [Duvessa/+0 rapier (5)]
  7715 | D:6      | HP: 4/69 [Duvessa/+0 rapier (14)]
  7717 | D:6      | Mangled by Duvessa

Levels and vault maps discovered:
D:1:      erik_arrival_triangle_small, layout_basic,
          shapermc_ecumenical_altar_starsandcircs, nicolae_grassy_gnolls
D:2:      layout_basic
D:3:      layout_loops_ring, grunt_temple_overflow_holy_war,
          minmay_strange_pillars, nrook_campfire, minmay_tree_intersection,
          due_unseen_surprise
D:4:      layout_cave_pods, nicolae_overflow_hidden_temple, marbit_many_paths,
          minmay_temple_entry_butterflies, minmay_surrounded
D:5:      layout_basic, slow_altar_1, lemuel_coloured_pillars_altar,
          nicolae_underground_beach, uniq_menkaure
D:6:      layout_basic, uniq_duvessa, uniq_grinder

Skill      XL: |  1  2  3  4  5  6  7  8 |
---------------+-------------------------+-----
Axes           | 4 5 6 8 9 |  9.5
Armour         | 1 2 3 |  3.0
Fighting       | 4 6 |  6.0
Dodging        | 1 |  1.3
Throwing       | 1 |  1.1
Spellcasting   | |  1.1
Fire Magic     | |  3.0

Action                   |  1- 3 |  4- 6 |  7- 9 || total
-------------------------+-------+-------+-------++-------
Melee: Hand axe          |    67 |   148 |   143 ||   358
       Punch             |       |     3 |     2 ||     5
Throw: Boomerang         |       |     4 |    17 ||    21
Invok: Fiery Armour      |       |     6 |     3 ||     9
  Use: Scroll            |     5 |     2 |     1 ||     8
       Potion            |       |     3 |     2 ||     5
Armor: Robe              |    14 |       |       ||    14
       Chain mail        |    15 |    80 |    51 ||   146
Dodge: Dodged            |    30 |    41 |    50 ||   121

Table legend:
 A = Non-vault XP
 B = Vault XP
 C = Vault XP percentage of total XP
 D = Non-vault monster count
 E = Vault monster count
 F = Vault count percentage of total count
                 A         B        C        D         E       F
            +---------+---------+-------+---------+---------+-------
      Total |    1634 |     581 |  26.2 |      83 |       9 |   9.8
            +---------+---------+-------+---------+---------+-------
        D:1 |      20 |      14 |  41.2 |      11 |       1 |   8.3
        D:2 |      70 |       0 |   0.0 |      11 |       0 |   0.0
        D:3 |      26 |       0 |   0.0 |       8 |       0 |   0.0
        D:4 |     199 |      59 |  22.9 |      22 |       4 |  15.4
        D:5 |     654 |     190 |  22.5 |      19 |       2 |   9.5
        D:6 |     665 |     318 |  32.3 |      12 |       2 |  14.3
            +---------+---------+-------+---------+---------+-------
